PAAA
AUGUSTA TIMBER HAWKS @ FLORIDA MEN
08/28/2023
 
TOP OF THE 1ST
Augusta Timber Hawks batting - Pitching for Florida Men : RHP Jeff Krause
Pitching: RHP Jeff Krause
Batting: LHB Brad Lawrence 0-0: Bunt for hit - play at first, batter OUT! 1-3
Batting: RHB Hiwahikeiki Noelani 0-0: Called Strike
0-1: Foul Ball, location: 2F
0-2: Foul Ball, location: 2F
0-2: Fly out, F8 (Popup, 4MD)
Batting: LHB Jack Robbins 0-0: Ball
1-0: Ground out 6-3 (Groundball, 6)
Top of the 1st over - 0 run(s), 0 hit(s), 0 error(s), 0 left on base; Augusta 0 - Florida 0
BOTTOM OF THE 1ST
Florida Men batting - Pitching for Augusta Timber Hawks : RHP Dave Goode
Pitching: RHP Dave Goode
Batting: RHB Jim Unknown 0-0: Ball
1-0: Swinging Strike
1-1: Fly out, F4 (Line Drive, 4M)
Batting: LHB Bastyão Lizardo 0-0: Swinging Strike
0-1: Ground out 4-3 (Groundball, 4)
Batting: RHB Greg Robinson 0-0: Foul Ball, location: 2F
0-1: Ball
1-1: Swinging Strike
1-2: Ball
2-2: Foul Ball, location: 2F
2-2: Ball
3-2: Base on Balls
Batting: RHB Pat Ings 0-0: Ball
1-0: Ball
Greg Robinson steals 2nd base
2-0: Foul Ball, location: 2F
2-1: Foul Ball, location: 2F
2-2: Ball
3-2: SINGLE (Groundball, 56) (infield hit)
Greg Robinson to third
Batting: RHB Gilberto Patino 0-0: Foul Ball, location: 2F
0-1: Ball
1-1: Ball
2-1: Foul Ball, location: 2F
2-2: Ball
3-2: SINGLE (Groundball, 4)
Greg Robinson scores
Pat Ings to second
Pat Ings to third
Batting: LHB Jim Unknown 0-0: Foul Ball, location: 2F
0-1: Ball
1-1: Ball
2-1: Foul Ball, location: 2F
2-2: Ball
3-2: Fly out, F9 (Flyball, 9D)
Bottom of the 1st over - 1 run(s), 2 hit(s), 0 error(s), 2 left on base; Augusta 0 - Florida 1
TOP OF THE 2ND
Augusta Timber Hawks batting - Pitching for Florida Men : RHP Jeff Krause
Batting: LHB Chris Rice 0-0: Fly out, F4 (Popup, 4)
Batting: LHB Emílio Barbán 0-0: Ball
1-0: Swinging Strike
1-1: Foul Ball, location: 2F
1-2: Ball
2-2: Ground out 3-1 (Groundball, 34)
Batting: LHB Dinis Marcha 0-0: Swinging Strike
0-1: Fly out, F9 (Flyball, 9S)
Top of the 2nd over - 0 run(s), 0 hit(s), 0 error(s), 0 left on base; Augusta 0 - Florida 1
BOTTOM OF THE 2ND
Florida Men batting - Pitching for Augusta Timber Hawks : RHP Dave Goode
Batting: RHB Jim Unknown 0-0: Ball
1-0: Foul Ball, location: 2F
1-1: SINGLE (Groundball, 6MD)
Batting: LHB Jim Unknown 0-0: Foul Ball, location: 2F
0-1: Ball
1-1: Grounds into double play, 4-6-3 (Groundball, 4)
Batting: SHB Luis Gutiérrez 0-0: Swinging Strike
0-1: Foul Ball, location: 2F
0-2: Ball
1-2: Ground out U3 (Groundball, 3L)
Bottom of the 2nd over - 0 run(s), 1 hit(s), 0 error(s), 0 left on base; Augusta 0 - Florida 1
TOP OF THE 3RD
Augusta Timber Hawks batting - Pitching for Florida Men : RHP Jeff Krause
Batting: RHB Claudio Mendoza 0-0: Ball
1-0: Called Strike
1-1: Ball
2-1: Foul Ball, location: 2F
2-2: Ball
3-2: Foul Ball, location: 2F
3-2: Base on Balls
Batting: RHB Ralph McKnight 0-0: Ball
1-0: Fielders Choice at 2nd, 5-4 (Groundball, 56)
Batting: RHB Marlon Cummins 0-0: Ball
Throwing error on steal attempt, E2
Ralph McKnight to third
1-0: Ball
2-0: Ball
3-0: Called Strike
3-1: Called Strike
3-2: Foul Ball, location: 2F
3-2: Fly out, F8 (Flyball, 8LM)
Runner from 3rd tags up, SCORES, no throw
Batting: LHB Brad Lawrence 0-0: Called Strike
0-1: Ball
1-1: Swinging Strike
1-2: Ball
2-2: Foul Ball, location: 2F
2-2: Foul Ball, location: 2F
2-2: Ball
3-2: Base on Balls
Batting: RHB Hiwahikeiki Noelani 0-0: Ball
1-0: Ball
2-0: Called Strike
2-1: Ball
Brad Lawrence steals 2nd base
3-1: Fly out, F3 (Popup, 34S)
Top of the 3rd over - 1 run(s), 0 hit(s), 1 error(s), 1 left on base; Augusta 1 - Florida 1
BOTTOM OF THE 3RD
Florida Men batting - Pitching for Augusta Timber Hawks : RHP Dave Goode
Batting: RHB Jim Unknown 0-0: Called Strike
0-1: Called Strike
0-2: Ball
1-2: Ball
2-2: Ball
3-2: Foul Ball, location: 2F
3-2: Ground out 5-3 (Groundball, 56S)
Batting: LHB Bastyão Lizardo 0-0: Called Strike
0-1: Ball
1-1: Foul Ball, location: 2F
1-2: Ground out 6-3 (Groundball, 6)
Batting: RHB Greg Robinson 0-0: Called Strike
0-1: Ball
1-1: Called Strike
1-2: Fly out, F9 (Flyball, 89M)
Bottom of the 3rd over - 0 run(s), 0 hit(s), 0 error(s), 0 left on base; Augusta 1 - Florida 1
TOP OF THE 4TH
Augusta Timber Hawks batting - Pitching for Florida Men : RHP Jeff Krause
Batting: LHB Jack Robbins 0-0: Ball
1-0: Foul Ball, location: 2F
1-1: Ball
2-1: Ground out U3 (Groundball, 3L)
Batting: LHB Chris Rice 0-0: Called Strike
0-1: Ball
1-1: Ball
2-1: Foul Ball, location: 2F
2-2: Ball
3-2: Fly out, F7 (Flyball, 7S)
Batting: LHB Emílio Barbán 0-0: Ground out 4-3 (Groundball, 4)
Top of the 4th over - 0 run(s), 0 hit(s), 0 error(s), 0 left on base; Augusta 1 - Florida 1
BOTTOM OF THE 4TH
Florida Men batting - Pitching for Augusta Timber Hawks : RHP Dave Goode
Batting: RHB Pat Ings 0-0: Ground out 6-3 (Groundball, 6)
Batting: RHB Gilberto Patino 0-0: Ball
1-0: Ball
2-0: Called Strike
2-1: Ball
3-1: Base on Balls
Batting: LHB Jim Unknown 0-0: Ball
1-0: Called Strike
1-1: Ball
2-1: Ball
3-1: Fielders Choice at 2nd, 5-4 (Groundball, 56)
Batting: RHB Jim Unknown 0-0: Called Strike
0-1: Ball
1-1: Called Strike
1-2: Ground out 4-3 (Groundball, 4)
Bottom of the 4th over - 0 run(s), 0 hit(s), 0 error(s), 1 left on base; Augusta 1 - Florida 1
TOP OF THE 5TH
Augusta Timber Hawks batting - Pitching for Florida Men : RHP Jeff Krause
Batting: LHB Dinis Marcha 0-0: Called Strike
0-1: Called Strike
0-2: Foul Ball, location: 2F
0-2: Foul Ball, location: 2F
0-2: Ball
1-2: Ball
2-2: Ball
3-2: Fly out, F7 (Flyball, 78S)
Batting: RHB Claudio Mendoza 0-0: Called Strike
0-1: Foul Ball, location: 2F
0-2: Ball
1-2: SOLO HOME RUN (Flyball, 7D), Distance : 386 ft
Batting: RHB Ralph McKnight 0-0: Fly out, F7 (Flyball, 78M)
Batting: RHB Marlon Cummins 0-0: Ground out 1-3 (Groundball, 13S)
Top of the 5th over - 1 run(s), 1 hit(s), 0 error(s), 0 left on base; Augusta 2 - Florida 1
BOTTOM OF THE 5TH
Florida Men batting - Pitching for Augusta Timber Hawks : RHP Dave Goode
Pitching: RHP Paul Nance
Batting: LHB Jim Unknown 0-0: Foul Ball, location: 2F
0-1: Ball
1-1: DOUBLE (Line Drive, 9LM)
Batting: SHB Luis Gutiérrez 0-0: Called Strike
0-1: Ball
1-1: Ball
2-1: Foul Ball, location: 2F
2-2: Ball
3-2: Foul Ball, location: 2F
3-2: Fly out, F2 (Popup, 2LF)
Batting: RHB Jim Unknown 0-0: Called Strike
0-1: Foul Ball, location: 2F
0-2: Ball
1-2: Fly out, F4 (Popup, 4MD)
Batting: LHB Bastyão Lizardo 0-0: Foul Ball, location: 2F
0-1: Fly out, F9 (Flyball, 9M)
Bottom of the 5th over - 0 run(s), 1 hit(s), 0 error(s), 1 left on base; Augusta 2 - Florida 1
TOP OF THE 6TH
Augusta Timber Hawks batting - Pitching for Florida Men : RHP Jeff Krause
Batting: LHB Brad Lawrence 0-0: Ball
1-0: Swinging Strike
1-1: Bunt missed!
1-2: SINGLE (Groundball, 4MD)
Batting: RHB Hiwahikeiki Noelani 0-0: Bunted foul
0-1: Ball
1-1: Sac Bunt - play at first, batter OUT! 5-4
Brad Lawrence to second
Batting: LHB Jack Robbins 0-0: Ball
1-0: Ball
2-0: Ball
3-0: Base on Balls
Batting: LHB Chris Rice 0-0: Foul Ball, location: 2F
0-1: Ball
1-1: Ball
2-1: Ball
3-1: Called Strike
3-2: Fly out, F8 (Flyball, 8LS)
3-2: Lined into DP, 8-6 (Flyball, 8LS)
Top of the 6th over - 0 run(s), 1 hit(s), 0 error(s), 1 left on base; Augusta 2 - Florida 1
BOTTOM OF THE 6TH
Florida Men batting - Pitching for Augusta Timber Hawks : RHP Paul Nance
Batting: RHB Greg Robinson 0-0: Fly out, F9 (Line Drive, 9M)
Batting: RHB Pat Ings 0-0: Ball
1-0: Ball
2-0: Ball
3-0: Called Strike
3-1: Fly out, F6 (Line Drive, 6)
Batting: RHB Gilberto Patino 0-0: Ball
1-0: Ground out 5-3 (Groundball, 56)
Bottom of the 6th over - 0 run(s), 0 hit(s), 0 error(s), 0 left on base; Augusta 2 - Florida 1
TOP OF THE 7TH
Augusta Timber Hawks batting - Pitching for Florida Men : RHP Jeff Krause
Batting: LHB Emílio Barbán 0-0: Called Strike
0-1: Fly out, F8 (Flyball, 8RD)
Batting: LHB Dinis Marcha 0-0: Called Strike
0-1: Foul Ball, location: 2F
0-2: SINGLE (Flyball, 89S)
Batting: RHB Claudio Mendoza 0-0: Called Strike
0-1: Foul Ball, location: 2F
0-2: SINGLE (Groundball, 6MD)
Dinis Marcha to second
Pinch Hitting: RHB Bob Sargent 0-0: Foul Ball, location: 2F
0-1: Called Strike
0-2: Foul Ball, location: 2F
0-2: Ball
1-2: Grounds into double play, 6-4-3 (Groundball, 6M)
Top of the 7th over - 0 run(s), 2 hit(s), 0 error(s), 1 left on base; Augusta 2 - Florida 1
BOTTOM OF THE 7TH
Florida Men batting - Pitching for Augusta Timber Hawks : RHP Paul Nance
Now in LF: Ron Bunch
Batting: LHB Jim Unknown 0-0: Called Strike
0-1: Ground out 3-1 (Groundball, 3)
Batting: RHB Jim Unknown 0-0: Ball
1-0: Ball
2-0: Ball
3-0: Called Strike
3-1: Base on Balls
Batting: LHB Jim Unknown 0-0: Ball
1-0: Fly out, F5 (Popup, 25)
Pinch Hitting: RHB Aaron Phillips 0-0: Ball
1-0: Swinging Strike
1-1: Foul Ball, location: 2F
1-2: Ground out 6-3 (Groundball, 6)
Bottom of the 7th over - 0 run(s), 0 hit(s), 0 error(s), 1 left on base; Augusta 2 - Florida 1
TOP OF THE 8TH
Augusta Timber Hawks batting - Pitching for Florida Men : RHP Jeff Krause
Now in LF: Barry Martínez
Batting: RHB Marlon Cummins 0-0: Called Strike
0-1: Ball
1-1: Called Strike
1-2: Ball
2-2: Ball
3-2: Base on Balls
Batting: LHB Brad Lawrence 0-0: Ball
Marlon Cummins steals 2nd base
1-0: Intentional Walk
Pitching: RHP Jim Unknown
Batting: RHB Hiwahikeiki Noelani 0-0: Sac Bunt - play at first, batter OUT! 1-4
Marlon Cummins to third
Brad Lawrence to second
Batting: LHB Jack Robbins 0-0: Foul Ball, location: 2F
0-1: Fly out, F7 (Popup, 56D)
Batting: LHB Chris Rice 0-0: Ball
1-0: Ball
2-0: Ball
3-0: Base on Balls
Batting: LHB Emílio Barbán 0-0: Ball
1-0: Fielders Choice at 2nd, U6 (Groundball, 6M)
Top of the 8th over - 0 run(s), 0 hit(s), 0 error(s), 3 left on base; Augusta 2 - Florida 1
BOTTOM OF THE 8TH
Florida Men batting - Pitching for Augusta Timber Hawks : RHP Paul Nance
Pitching: LHP Billy Black
Batting: RHB Jim Unknown 0-0: Called Strike
0-1: Ball
1-1: Ball
2-1: Ball
3-1: Ground out 5-3 (Groundball, 56)
Batting: LHB Bastyão Lizardo 0-0: Ball
1-0: Foul Ball, location: 2F
1-1: DOUBLE (Flyball, 8RD)
Pitching: RHP Tom Sosa
Batting: RHB Greg Robinson 0-0: Ball
1-0: Called Strike
1-1: Foul Ball, location: 2F
1-2: Ground out 2-3 (Groundball, 25)
Bastyão Lizardo to third
Batting: RHB Pat Ings 0-0: Ball
1-0: Foul Ball, location: 2F
1-1: SINGLE (Line Drive, 4MD)
Bastyão Lizardo scores
Batting: RHB Gilberto Patino 0-0: Called Strike
0-1: Ball
1-1: Fly out, F8 (Flyball, 8RD)
Bottom of the 8th over - 1 run(s), 2 hit(s), 0 error(s), 1 left on base; Augusta 2 - Florida 2
TOP OF THE 9TH
Augusta Timber Hawks batting - Pitching for Florida Men : RHP Jim Unknown
Pitching: RHP Jim Unknown
Batting: LHB Dinis Marcha 0-0: Ball
1-0: Ball
2-0: Called Strike
2-1: Called Strike
2-2: Strikes out swinging
Batting: RHB Claudio Mendoza 0-0: Ball
1-0: Called Strike
1-1: Foul Ball, location: 2F
1-2: Ball
2-2: Ball
3-2: Foul Ball, location: 2F
3-2: Foul Ball, location: 2F
3-2: Strikes out swinging
Batting: SHB Ron Bunch 0-0: Ball
1-0: Ball
2-0: Foul Ball, location: 2F
2-1: Ball
3-1: Base on Balls
Pinch Hitting: RHB Enrique Pimentel 0-0: Called Strike
0-1: Ball
1-1: Fly out, F9 (Flyball, 89D)
Top of the 9th over - 0 run(s), 0 hit(s), 0 error(s), 1 left on base; Augusta 2 - Florida 2
BOTTOM OF THE 9TH
Florida Men batting - Pitching for Augusta Timber Hawks : RHP Tom Sosa
Pitching: RHP Francisco García
Now at 2B: Enrique Pimentel
Batting: LHB Jim Unknown 0-0: Called Strike
0-1: Ball
1-1: Ball
2-1: Ball
3-1: Foul Ball, location: 2F
3-2: Fly out, F8 (Flyball, 8LM)
Batting: RHB Jim Unknown 0-0: Swinging Strike
0-1: Ball
1-1: Ball
2-1: Fly out, F8 (Flyball, 8RS)
Batting: LHB Jim Unknown 0-0: Ball
1-0: Foul Ball, location: 2F
1-1: Swinging Strike
1-2: Ball
2-2: Strikes out swinging
Bottom of the 9th over - 0 run(s), 0 hit(s), 0 error(s), 0 left on base; Augusta 2 - Florida 2
TOP OF THE 10TH
Augusta Timber Hawks batting - Pitching for Florida Men : RHP Jim Unknown
Batting: LHB Brad Lawrence 0-0: Ball
1-0: Called Strike
1-1: Fly out, F8 (Flyball, 8LM)
Batting: RHB Hiwahikeiki Noelani 0-0: SINGLE (Groundball, 4M)
Batting: LHB Jack Robbins 0-0: Called Strike
0-1: Foul Ball, location: 2F
0-2: Ball
1-2: Strikes out swinging
Batting: LHB Chris Rice 0-0: Ball
1-0: Swinging Strike
1-1: Called Strike
Hiwahikeiki Noelani steals 2nd base
1-2: Strikes out swinging
Top of the 10th over - 0 run(s), 1 hit(s), 0 error(s), 1 left on base; Augusta 2 - Florida 2
BOTTOM OF THE 10TH
Florida Men batting - Pitching for Augusta Timber Hawks : RHP Francisco García
Batting: RHB Barry Martínez 0-0: Fly out, F6 (Line Drive, 56)
Batting: RHB Jim Unknown 0-0: Ball
1-0: Called Strike
1-1: Foul Ball, location: 2F
1-2: Foul Ball, location: 2F
1-2: Ball
2-2: Ball
3-2: Foul Ball, location: 2F
3-2: DOUBLE (Line Drive, 7LS)
Batting: LHB Bastyão Lizardo 0-0: Ball
1-0: SINGLE (Line Drive, 78M)
Jim Unknown to third
Batting: RHB Greg Robinson 0-0: Called Strike
0-1: Ball
1-1: Ball
2-1: Swinging Strike
2-2: Foul Ball, location: 2F
2-2: SINGLE (Line Drive, 6D)
Jim Unknown scores
This league is powered by Out of the Park Baseball, the baseball management simulation game for PC, Mac and Linux
Friday, July 8th, 2016 - OOTP Baseball 16.9 Build 39